AoeStats
← termineitor548

Arabia

503308704Analyzed
2v2 RM · 1mo ago on Aug 31, 2026· 59m 35s· 4 players
Game mode
Random Map
Map size
Medium (4 player)
Population
200
Speed
Normal
Resources
Standard
Victory
Conquest
Starting age
Dark Age
Ending age
Imperial Age
RankedLock teamsTeams togetherTeam positionsShared explorationLock speedFull tech treeHidden civsTurbo modeCheats
Victory
Defeat
🇦🇷 Hindustanis · Argentina
1042
+14
🇦🇷 Mongols · Argentina
1010
+16
🇦🇷 Magyars · Argentina
1007
-15
🇦🇷 Ethiopians · Argentina
1004
-15
aldeanokiller
1:52 Loom
10:42 Feudal Age
11:15 Double-Bit Axe
12:33 Horse Collar
18:30 Bloodlines
20:19 Town Watch
24:37 Castle Age
23:50 Fletching
27:01 Wheelbarrow
26:28 Bodkin Arrow
33:56 Ballistics
37:24 Scale Barding Armor
39:42 Padded Archer Armor
44:51 Bow Saw
45:02 Stone Mining
50:27 Heavy Plow
53:13 Gold Mining
54:39 Leather Archer Armor
tu_mama_en_tanga
12:16 Feudal Age
11:46 Loom
13:36 Double-Bit Axe
13:34 Horse Collar
15:55 Padded Archer Armor
15:47 Fletching
26:45 Castle Age
26:56 Crossbowman
27:57 Leather Archer Armor
28:17 Bodkin Arrow
46:34 Scale Mail Armor
47:39 Forging
54:49 Bow Saw
54:44 Heavy Plow
ThePurifier
0:26 Loom
9:29 Feudal Age
10:10 Double-Bit Axe
19:09 Castle Age
17:22 Gold Mining
18:11 Scale Barding Armor
19:45 Wheelbarrow
19:26 Bloodlines
20:20 Chain Barding Armor
20:20 Husbandry
23:44 Forging
30:06 Iron Casting
43:32 Imperial Age
42:48 Hand Cart
44:07 Fletching
45:00 Ballistics
45:40 Chemistry
44:13 Elite Mangudai
45:12 Bodkin Arrow
45:18 Padded Archer Armor
46:38 Bracer
46:54 Leather Archer Armor
46:59 Thumb Ring
47:43 Bow Saw
48:42 Parthian Tactics
49:21 Conscription
49:39 Stone Mining
50:26 Gold Shaft Mining
50:07 Siege Engineers
51:36 Horse Collar
53:02 Drill
52:09 Capped Ram
53:00 Siege Ram
54:31 Town Watch
58:19 Coinage
57:42 Elite Steppe Lancer
59:25 Blast Furnace
59:05 Spies/Treason
termineitor548
1:32 Loom
10:36 Feudal Age
13:41 Double-Bit Axe
21:35 Castle Age
21:03 Wheelbarrow
20:50 Horse Collar
21:56 Fletching
22:18 Forging
22:07 Crossbowman
23:04 Gold Mining
24:43 Bloodlines
24:48 Bodkin Arrow
26:10 Hand Cart
27:12 Padded Archer Armor
28:26 Thumb Ring
29:35 Leather Archer Armor
32:38 Scale Barding Armor
33:10 Heavy Plow
37:40 Elite Skirmisher
38:24 Husbandry
39:01 Iron Casting
38:47 Chain Barding Armor
38:40 Bow Saw
39:55 Town Watch
41:26 Grand Trunk Road
42:44 Ballistics
42:34 Masonry
42:22 Murder Holes
47:19 Imperial Age
47:18 Scale Mail Armor
47:12 Stone Mining
47:57 Gold Shaft Mining
48:18 Squires
47:41 Heavy Camel Rider
48:30 Caravan
48:17 Siege Elephant
49:10 Bracer
50:55 Chemistry
51:23 Plate Barding Armor
51:50 Blast Furnace
51:13 Conscription
54:51 Shatagni
57:35 Hoardings
56:24 Imperial Camel Rider
58:48 Spies/Treason
Connection lost

Rejoining the realm…

Still unreachable

The connection could not be restored.

Session expired

The server has moved on; the page needs a fresh start.